 Dungeon Crawl Stone Soup version 0.23-a0-329-g6f3f904 (webtiles) character file.

513 Ijustatesigmund the Grasshopper (level 7, -8/41 HPs)
             Began as an Octopode Wizard on Oct 16, 2018.
             Mangled by a hippogriff (9 damage)
             ... on level 5 of the Dungeon.
             The game lasted 00:09:44 (5878 turns).

Ijustatesigmund the Grasshopper (Octopode Wizard)   Turns: 5878, Time: 00:09:45

Health: -8/41      AC:  1    Str:  6    XL:     7   Next: 19%
Magic:  1/11       EV: 13    Int: 20    God:
Gold:   268        SH:  5    Dex: 13    Spells: 6/12 levels left

rFire    . . .     SeeInvis .   i - +1 spear (freeze)
rCold    . . .     Gourm    .   e - +0 buckler
rNeg     . . .     Faith    .   a - +0 hat
rPois    .         Spirit   .   q - amulet of the acrobat
rElec    .         Reflect  .   (no ring)
rCorr    .         Harm     .   (no ring)
MR       .....                  (no ring)
Stlth    +++.......             (no ring)
HPRegen  0.13/turn              (no ring)
MPRegen  0.12/turn              (no ring)
                                (no ring)
                                (no ring)

@: flying, very slightly contaminated
A: almost no armour, stealthy swim, amphibious, 8 rings, constrict 8, camouflage
1, gelatinous body 1
a: no special abilities


You were on level 5 of the Dungeon.
You were not hungry.

You visited 1 branch of the dungeon, and saw 5 of its levels.

You collected 268 gold pieces.

Inventory:

Hand Weapons
 i - a +1 spear of freezing (weapon)
 p - a cursed -1 flail
Armour
 a - a +0 hat (worn)
 e - a +0 buckler (worn)
Jewellery
 q - an amulet of the acrobat (around mantle)
Wands
 k - a wand of iceblast (11)
Scrolls
 b - 5 scrolls of remove curse
 g - a scroll of fog
Potions
 f - a potion of mutation {unknown}
 h - a potion of might {unknown}
 j - 3 potions of curing
 m - a potion of invisibility {unknown}
Comestibles
 c - 8 rations


   Skills:
 - Level 2.0 Dodging
 - Level 2.6 Stealth
 + Level 4.0 Shields
 - Level 3.0 Spellcasting
 - Level 3.3 Conjurations
   Level 1.0 Summonings
 + Level 4.9 Translocations


You had 6 spell levels left.
You knew the following spells:

 Your Spells              Type           Power        Failure   Level  Hunger
a - Magic Dart            Conj           ###.         3%          1    None
b - Blink                 Tloc           N/A          2%          2    ##.....
c - Mephitic Cloud        Conj/Pois/Air  #.......     26%         3    ###....

Your spell library contained the following spells:

 Spells                   Type           Power        Failure   Level  Hunger
 Call Imp                 Summ           #.......     14%         2    ##.....
 Slow                     Hex            #.......     22%         2    ##.....
 Conjure Flame            Conj/Fire      #.......     22%         3    ###....


Dungeon Overview and Level Annotations

Branches:
Dungeon (5/15)
 Temple: D:4-7

Altars:
Fedhas
Kikubaaqudgha
Yredelemnul


Innate Abilities, Weirdness & Mutations

You cannot wear most types of armour.
You are very stealthy in the water. (Stealth+)
You are amphibious.
You can wear up to eight rings at the same time.
You can use your tentacles to constrict eight enemies at once.
Your skin changes colour to match your surroundings (Stealth+).
Your rubbery body absorbs attacks. (AC +1, EV +1)


Message History

Casting: Magic Dart (safe; 3% risk of failure)
Confirm with . or Enter, or press ? or * to list all spells.
You don't have enough magic to cast that spell.
You are too injured to fight recklessly!
You are too injured to fight recklessly!
You hit the hippogriff. You freeze the hippogriff.
The hippogriff is almost dead.
You block the hippogriff's attack. The hippogriff barely misses you.
The hippogriff claws you.
* * * LOW HITPOINT WARNING * * *
The hippogriff bites you.
* * * LOW HITPOINT WARNING * * *
The hippogriff pecks you.
* * * LOW HITPOINT WARNING * * *
The hippogriff barely misses you.
You hit the hippogriff but do no damage.
You squeeze the hippogriff, but do no damage.
The hippogriff is almost dead.
The hippogriff bites you!
You die...

######
#..H.##############
##.@................
#.....##############
#.....# ##. #.#####
#.< ... #.. ##.. #..
#. ##. .. ## #


You could see a hippogriff (confused).

Vanquished Creatures
  An ogre (D:4)
  A scorpion (D:4)
  A water moccasin skeleton (D:3)
  A howler monkey (D:4)
  A jelly (D:5)
  An orc wizard (D:4)
  Natasha (D:3)
  A worker ant (D:4)
  2 hound skeletons (D:4)
  A worker ant zombie (D:5)
  5 adders
  2 oozes
  2 dart slugs
  5 worms
  4 leopard geckos
  11 orcs
  5 bats
  2 giant cockroaches
  9 goblins
  6 hobgoblins
  4 jackals (D:4)
  2 kobolds
  A quokka (D:4)
  A ball python (D:2)
  4 frilled lizards
  3 rats
  A spectral orc (D:4)
78 creatures vanquished.

Notes
Turn   | Place    | Note
-------+----------+-------------------------------------------
     0 | D:1      | Ijustatesigmund the Octopode Wizard began the quest for the
                  | Orb.
     0 | D:1      | Reached XP level 1. HP: 11/11 MP: 4/4
   828 | D:1      | Reached XP level 2. HP: 17/17 MP: 0/6
   832 | D:1      | Learned a level 2 spell: Blink
  1740 | D:2      | Reached XP level 3. HP: 13/21 MP: 0/7
  1748 | D:2      | Found a blossoming altar of Fedhas.
  2285 | D:2      | Found an ancient bone altar of Kikubaaqudgha.
  2493 | D:2      | Reached XP level 4. HP: 27/27 MP: 6/8
  3883 | D:3      | Noticed Natasha
  3893 | D:3      | Killed Natasha
  3893 | D:3      | Reached skill level 1 in Shields
  3893 | D:3      | Reached XP level 5. HP: 18/31 MP: 1/9
  3912 | D:3      | Learned a level 3 spell: Mephitic Cloud
  4612 | D:4      | Reached XP level 6. HP: 24/36 MP: 1/10
  5317 | D:4      | Reached XP level 7. HP: 41/41 MP: 0/11
  5730 | D:4      | Found a basalt altar of Yredelemnul.
  5777 | D:5      | Entered Level 5 of the Dungeon
  5849 | D:5      | Noticed a hippogriff
  5877 | D:5      | HP: 1/41 [hippogriff (5)]
  5878 | D:5      | Mangled by a hippogriff

Vault maps used:
D:1:      lightli_iron_boxes
D:2:      kiku_gazebo_pond_becter, fedhas_altar_2
D:3:      serial_glass, glass_columns_a, glass_columns_c, uniq_natasha
D:4:      yredelemnul_forgotten_temple_becter
D:5:      tgw_trog, gup_sewer_entry_bubbles, first_ration

Skill      XL: |  1  2  3  4  5  6  7 |
---------------+----------------------+-----
Conjurations   | 2 3 |  3.3
Translocations | 2 3 4 |  4.9
Shields        | 1 2 3 4 |  4.0
Dodging        | |  2.0
Stealth        | |  2.6
Spellcasting   | |  3.0
Summonings     | |  1.0

Action                   |  1- 3 |  4- 6 |  7- 9 || total
-------------------------+-------+-------+-------++-------
Melee: Unarmed           |    30 |     4 |       ||    34
       Constrict         |     4 |    20 |     3 ||    27
       Tentacles         |     2 |    10 |     6 ||    18
       Spear             |       |    83 |    19 ||   102
 Cast: Magic Dart        |    54 |   116 |    29 ||   199
       Mephitic Cloud    |       |     2 |     2 ||     4
       Blink             |       |     2 |     1 ||     3
  Use: Scroll            |     7 |     5 |     4 ||    16
       Potion            |     2 |     3 |     2 ||     7
 Stab: Sleeping          |       |     2 |       ||     2
  Eat: Chunk             |     3 |     9 |       ||    12
       Ration            |       |     1 |       ||     1
Armor: Skin              |    14 |    11 |     1 ||    26
Dodge: Dodged            |    14 |    45 |    16 ||    75
Block: Buckler           |       |    15 |    11 ||    26

Table legend:
 A = Non-vault XP
 B = Vault XP
 C = Vault XP percentage of total XP
 D = Non-vault monster count
 E = Vault monster count
 F = Vault count percentage of total count
                 A         B        C        D         E       F
            +---------+---------+-------+---------+---------+-------
      Total |     697 |      36 |   4.9 |      76 |       2 |   2.6
            +---------+---------+-------+---------+---------+-------
        D:1 |      30 |       0 |   0.0 |      15 |       0 |   0.0
        D:2 |      71 |       0 |   0.0 |      18 |       0 |   0.0
        D:3 |     131 |      35 |  21.1 |      17 |       1 |   5.6
        D:4 |     407 |       1 |   0.2 |      24 |       1 |   4.0
        D:5 |      58 |       0 |   0.0 |       2 |       0 |   0.0
            +---------+---------+-------+---------+---------+-------
